AoeStats
← VyM

Arena

510071550Analyzed
1v1 RM · 3d ago on Sep 29, 2026· 27m 45s· 2 players
Game mode
Random Map
Map size
Tiny (2 player)
Population
200
Speed
Normal
Resources
Standard
Victory
Conquest
Starting age
Dark Age
Ending age
Imperial Age
RankedLock teamsTeams togetherTeam positionsShared explorationLock speedFull tech treeHidden civsTurbo modeCheats
Victory
Defeat
🇦🇷 Huns · Argentina
1144
+14
🇺🇸 Spanish · United States
1109
-14
Cubanito945806
11:07 Feudal Age
15:20 Castle Age
13:32 Double-Bit Axe
13:55 Stone Mining
14:08 Loom
21:03 Fletching
22:22 Redemption
23:00 Fervor
24:56 Sanctity
VyM
8:08 Loom
10:09 Feudal Age
15:33 Castle Age
17:26 Town Watch
17:33 Fletching
24:43 Double-Bit Axe
Connection lost

Rejoining the realm…

Still unreachable

The connection could not be restored.

Session expired

The server has moved on; the page needs a fresh start.